| TOP OF THE 1ST |
|
Oakland Athletics batting - Pitching for Toronto Blue Jays : RHP Hoof Harted
|
|
Pitching: RHP Hoof Harted
|
|
|
Batting: RHB Randy Shrewsbury
|
0-0: Ball 1-0: Ball 2-0: Ball 3-0: Called Strike 3-1: Ground out 5-3 (Groundball, 5, EV 85.6 MPH)
|
|
Batting: LHB R.J. O'Brien
|
0-0: Fly out, F8 (Line Drive, 89M, EV 100.0 MPH)
|
|
Batting: LHB Bob Branham
|
0-0: Foul Ball, location: 2F 0-1: Ball 1-1: Ball 2-1: Swinging Strike 2-2: Ball 3-2: Strikes out swinging
|
| Top of the 1st over - 0 runs, 0 hits, 0 errors, 0 left on base; Oakland 0 - Toronto 0 |
| BOTTOM OF THE 1ST |
|
Toronto Blue Jays batting - Pitching for Oakland Athletics : RHP Nick Kirk
|
|
Pitching: RHP Nick Kirk
|
|
|
Batting: RHB Danny Burnside
|
0-0: Foul Ball, location: 2F 0-1: Ball 1-1: Foul Ball, location: 2F 1-2: Strikes out swinging
|
|
Batting: LHB Michael Byrd
|
0-0: Called Strike 0-1: Ball 1-1: Swinging Strike 1-2: Ball 2-2: Strikes out swinging
|
|
Batting: SHB Matt Altieri
|
0-0: Foul Ball, location: 2F 0-1: Ball 1-1: Foul Ball, location: 2F 1-2: Ball 2-2: SOLO HOME RUN (Flyball, 78XD, EV 105.0 MPH), Distance : 412 ft
|
|
Batting: RHB Efrain Vargas
|
0-0: Ball 1-0: Called Strike 1-1: Foul Ball, location: 2F 1-2: Ball 2-2: Ball 3-2: Strikes out swinging
|
| Bottom of the 1st over - 1 run, 1 hit, 0 errors, 0 left on base; Oakland 0 - Toronto 1 |
| TOP OF THE 2ND |
|
Oakland Athletics batting - Pitching for Toronto Blue Jays : RHP Hoof Harted
|
|
Batting: RHB Muneo Kawachi
|
0-0: Ball 1-0: Ground out 6-3 (Groundball, 6, EV 88.1 MPH)
|
|
Batting: RHB Jorge Severiano
|
0-0: Ball 1-0: Ground out 6-3 (Groundball, 6, EV 85.0 MPH)
|
|
Batting: LHB Tom Butterbaugh
|
0-0: DOUBLE (Flyball, 8RXD, EV 107.5 MPH)
|
|
Batting: LHB Jeff Luvisi
|
0-0: Called Strike 0-1: Foul Ball, location: 2F 0-2: Ball 1-2: Ball 2-2: Foul Ball, location: 2F 2-2: Foul Ball, location: 2F 2-2: Ground out 5-3 (Groundball, 5S, EV 93.8 MPH)
|
| Top of the 2nd over - 0 runs, 1 hit, 0 errors, 1 left on base; Oakland 0 - Toronto 1 |
| BOTTOM OF THE 2ND |
|
Toronto Blue Jays batting - Pitching for Oakland Athletics : RHP Nick Kirk
|
|
Batting: SHB Dominik Hasek II
|
0-0: Ball 1-0: Called Strike 1-1: Ball 2-1: Swinging Strike 2-2: Strikes out swinging
|
|
Batting: RHB Butch Kaiser
|
0-0: Ball 1-0: Fly out, F7 (Flyball, 78M, EV 71.9 MPH)
|
|
Batting: LHB Nate Dean
|
0-0: Ball 1-0: Ball 2-0: Called Strike 2-1: Called Strike 2-2: Ball 3-2: Fly out, F6 (Popup, 4MS, EV 70.6 MPH)
|
| Bottom of the 2nd over - 0 runs, 0 hits, 0 errors, 0 left on base; Oakland 0 - Toronto 1 |
| TOP OF THE 3RD |
|
Oakland Athletics batting - Pitching for Toronto Blue Jays : RHP Hoof Harted
|
|
Batting: LHB Juan Concepcion
|
0-0: Swinging Strike 0-1: Ball 1-1: Ball 2-1: Ball 3-1: Base on Balls
|
|
Batting: SHB Ryan Langlois
|
0-0: Ball 1-0: Ball 2-0: Swinging Strike 2-1: Swinging Strike 2-2: Ball 3-2: Fly out, F9 (Line Drive, 9LM, EV 90.6 MPH)
|
|
Batting: RHB Randy Shrewsbury
|
0-0: Fly out, F9 (Line Drive, 89M, EV 91.9 MPH)
|
|
Batting: LHB R.J. O'Brien
|
0-0: Called Strike 0-1: SINGLE (Line Drive, 8LS, EV 108.8 MPH) Juan Concepcion to second Runner from 2nd tries for 3rd, SAFE, no throw by CF
|
|
Batting: LHB Bob Branham
|
0-0: Swinging Strike 0-1: Called Strike 0-2: Strikes out swinging
|
| Top of the 3rd over - 0 runs, 1 hit, 0 errors, 2 left on base; Oakland 0 - Toronto 1 |
| BOTTOM OF THE 3RD |
|
Toronto Blue Jays batting - Pitching for Oakland Athletics : RHP Nick Kirk
|
|
Batting: RHB Steve Jordan
|
0-0: Foul Ball, location: 2F 0-1: SINGLE (Line Drive, 8RS, EV 93.1 MPH)
|
|
Batting: RHB Bill Murray
|
0-0: Ball 1-0: Called Strike 1-1: Ball 2-1: Fly out, F7 (Flyball, 7LM, EV 97.5 MPH)
|
|
Batting: RHB Danny Burnside
|
0-0: Called Strike Steve Jordan steals 2nd base 0-1: Foul Ball, location: 2F 0-2: Ground out 3-1 (Groundball, 34, EV 92.5 MPH) Steve Jordan to third
|
|
Batting: LHB Michael Byrd
|
0-0: Called Strike 0-1: TRIPLE (Line Drive, 89XD, EV 108.1 MPH) Steve Jordan scores
|
|
Batting: SHB Matt Altieri
|
0-0: Ball 1-0: Called Strike 1-1: Foul Ball, location: 2F 1-2: Strikes out swinging
|
| Bottom of the 3rd over - 1 run, 2 hits, 0 errors, 1 left on base; Oakland 0 - Toronto 2 |
| TOP OF THE 4TH |
|
Oakland Athletics batting - Pitching for Toronto Blue Jays : RHP Hoof Harted
|
|
Batting: RHB Muneo Kawachi
|
0-0: Called Strike 0-1: Fly out, F7 (Flyball, 78S, EV 88.1 MPH)
|
|
Batting: RHB Jorge Severiano
|
0-0: Ball 1-0: Called Strike 1-1: Fly out, F2 (Popup, 23F, EV 87.5 MPH)
|
|
Batting: LHB Tom Butterbaugh
|
0-0: Called Strike 0-1: SINGLE (Groundball, 4MD, EV 97.5 MPH)
|
|
Batting: LHB Jeff Luvisi
|
0-0: Foul Ball, location: 2F 0-1: Ball 1-1: Ball 2-1: Foul Ball, location: 2F 2-2: Strikes out swinging
|
| Top of the 4th over - 0 runs, 1 hit, 0 errors, 1 left on base; Oakland 0 - Toronto 2 |
| BOTTOM OF THE 4TH |
|
Toronto Blue Jays batting - Pitching for Oakland Athletics : RHP Nick Kirk
|
|
Batting: RHB Efrain Vargas
|
0-0: Called Strike 0-1: Swinging Strike 0-2: Foul Ball, location: 2F 0-2: Foul Ball, location: 2F 0-2: Ball 1-2: Foul Ball, location: 2F 1-2: Ball 2-2: Ball 3-2: Ground out 3-1 (Groundball, 34, EV 102.5 MPH)
|
|
Batting: SHB Dominik Hasek II
|
0-0: Ball 1-0: Ball 2-0: Swinging Strike 2-1: Ball 3-1: Foul Ball, location: 2F 3-2: Base on Balls
|
|
Batting: RHB Butch Kaiser
|
0-0: Called Strike 0-1: Grounds into double play, 6-4-3 (Groundball, 6, EV 105.0 MPH)
|
| Bottom of the 4th over - 0 runs, 0 hits, 0 errors, 0 left on base; Oakland 0 - Toronto 2 |
| TOP OF THE 5TH |
|
Oakland Athletics batting - Pitching for Toronto Blue Jays : RHP Hoof Harted
|
|
Batting: LHB Juan Concepcion
|
0-0: Swinging Strike 0-1: Foul Ball, location: 2F 0-2: Ball 1-2: Ball 2-2: Strikes out swinging
|
|
Batting: SHB Ryan Langlois
|
0-0: Foul Ball, location: 2F 0-1: Called Strike 0-2: Ball 1-2: Ball 2-2: Strikes out swinging
|
|
Batting: RHB Randy Shrewsbury
|
0-0: Foul Ball, location: 2F 0-1: Ground out 3-1 (Groundball, 34, EV 86.2 MPH)
|
| Top of the 5th over - 0 runs, 0 hits, 0 errors, 0 left on base; Oakland 0 - Toronto 2 |
| BOTTOM OF THE 5TH |
|
Toronto Blue Jays batting - Pitching for Oakland Athletics : RHP Nick Kirk
|
|
Batting: LHB Nate Dean
|
0-0: Called Strike 0-1: Fly out, F7 (Flyball, 78S, EV 91.2 MPH)
|
|
Batting: RHB Steve Jordan
|
0-0: Fly out, F8 (Flyball, 8LD, EV 95.6 MPH)
|
|
Batting: RHB Bill Murray
|
0-0: Called Strike 0-1: Ball 1-1: SOLO HOME RUN (Flyball, 7D, EV 93.8 MPH), Distance : 367 ft
|
|
Batting: RHB Danny Burnside
|
0-0: Ball 1-0: Ball 2-0: Called Strike 2-1: Called Strike 2-2: Ball 3-2: Base on Balls
|
|
Batting: LHB Michael Byrd
|
0-0: Ball 1-0: Ball 2-0: Ball 3-0: Called Strike 3-1: Base on Balls Danny Burnside to second
|
|
Batting: SHB Matt Altieri
|
0-0: Called Strike 0-1: Ball 1-1: Swinging Strike 1-2: Foul Ball, location: 2F 1-2: Ball 2-2: Ball 3-2: Foul Ball, location: 2F 3-2: 3-RUN HOME RUN (Flyball, 9D, EV 102.5 MPH), Distance : 381 ft
|
|
Pitching: LHP David James
|
|
|
Batting: RHB Efrain Vargas
|
0-0: Ball 1-0: Foul Ball, location: 2F 1-1: Ball 2-1: Ball 3-1: Base on Balls
|
|
Batting: SHB Dominik Hasek II
|
0-0: Ball 1-0: Foul Ball, location: 2F 1-1: Foul Ball, location: 2F 1-2: Ball 2-2: Strikes out looking
|
| Bottom of the 5th over - 4 runs, 2 hits, 0 errors, 1 left on base; Oakland 0 - Toronto 6 |
| TOP OF THE 6TH |
|
Oakland Athletics batting - Pitching for Toronto Blue Jays : RHP Hoof Harted
|
|
Batting: LHB R.J. O'Brien
|
0-0: Ball 1-0: SINGLE (Groundball, 56, EV 108.1 MPH)
|
|
Batting: LHB Bob Branham
|
0-0: Called Strike 0-1: Foul Ball, location: 2F 0-2: Foul Ball, location: 2F 0-2: Foul Ball, location: 2F 0-2: Ball 1-2: Foul Ball, location: 2F 1-2: Strikes out swinging
|
|
Batting: RHB Muneo Kawachi
|
0-0: Grounds into double play, 6-4-3 (Groundball, 6, EV 88.1 MPH)
|
| Top of the 6th over - 0 runs, 1 hit, 0 errors, 0 left on base; Oakland 0 - Toronto 6 |
| BOTTOM OF THE 6TH |
|
Toronto Blue Jays batting - Pitching for Oakland Athletics : LHP David James
|
|
Batting: RHB Butch Kaiser
|
0-0: Ball 1-0: Foul Ball, location: 2F 1-1: Ball 2-1: Fly out, F9 (Flyball, 9S, EV 87.5 MPH)
|
|
Batting: LHB Nate Dean
|
0-0: Called Strike 0-1: Called Strike 0-2: Foul Ball, location: 2F 0-2: Ball 1-2: Ball 2-2: Foul Ball, location: 2F 2-2: Fly out, F4 (Popup, 4M, EV 66.9 MPH)
|
|
Batting: RHB Steve Jordan
|
0-0: Ball 1-0: Ball 2-0: Called Strike 2-1: Fly out, F4 (Popup, 34S, EV 73.1 MPH)
|
| Bottom of the 6th over - 0 runs, 0 hits, 0 errors, 0 left on base; Oakland 0 - Toronto 6 |
| TOP OF THE 7TH |
|
Oakland Athletics batting - Pitching for Toronto Blue Jays : RHP Hoof Harted
|
|
Batting: RHB Jorge Severiano
|
0-0: Called Strike 0-1: Ball 1-1: Ball 2-1: Ball 3-1: Base on Balls
|
|
Batting: LHB Tom Butterbaugh
|
0-0: Ball 1-0: Foul Ball, location: 2F 1-1: Ball 2-1: Ball 3-1: Foul Ball, location: 2F 3-2: SINGLE (Flyball, 7LS, EV 91.9 MPH) Jorge Severiano to second
|
|
Batting: LHB Jeff Luvisi
|
0-0: Ball 1-0: Swinging Strike 1-1: Grounds into double play, 6-4-3 (Groundball, 6, EV 81.9 MPH) Jorge Severiano to third
|
|
Batting: LHB Juan Concepcion
|
0-0: Fly out, F8 (Flyball, 8RS, EV 91.2 MPH)
|
| Top of the 7th over - 0 runs, 1 hit, 0 errors, 1 left on base; Oakland 0 - Toronto 6 |
| BOTTOM OF THE 7TH |
|
Toronto Blue Jays batting - Pitching for Oakland Athletics : LHP David James
|
|
Batting: RHB Bill Murray
|
0-0: Ball 1-0: Called Strike 1-1: Called Strike 1-2: Ball 2-2: Strikes out swinging
|
|
Batting: RHB Danny Burnside
|
0-0: Ball 1-0: Ball 2-0: Ball 3-0: Called Strike 3-1: Base on Balls
|
|
Pitching: RHP Mike Pedigo
|
|
|
Batting: LHB Michael Byrd
|
0-0: Ball 1-0: Ball 2-0: Called Strike 2-1: Foul Ball, location: 2F 2-2: Ball 3-2: Base on Balls Danny Burnside to second
|
|
Batting: SHB Matt Altieri
|
0-0: Ball 1-0: Ball 2-0: Ball 3-0: Base on Balls Danny Burnside to third Michael Byrd to second
|
|
Batting: RHB Efrain Vargas
|
0-0: Grounds into double play, 3-6-3 (Groundball, 34S, EV 85.0 MPH)
|
| Bottom of the 7th over - 0 runs, 0 hits, 0 errors, 2 left on base; Oakland 0 - Toronto 6 |
| TOP OF THE 8TH |
|
Oakland Athletics batting - Pitching for Toronto Blue Jays : RHP Hoof Harted
|
|
Batting: SHB Ryan Langlois
|
0-0: Ball 1-0: Ball 2-0: Ball 3-0: Base on Balls
|
|
Batting: RHB Randy Shrewsbury
|
0-0: Ball 1-0: Foul Ball, location: 2F 1-1: Ball 2-1: Foul Ball, location: 2F 2-2: Ball 3-2: SINGLE (Groundball, 56S, EV 68.8 MPH) (infield hit) Ryan Langlois to second
|
|
Batting: LHB R.J. O'Brien
|
0-0: Ball 1-0: Foul Ball, location: 2F 1-1: Ball 2-1: Swinging Strike 2-2: Foul Ball, location: 2F 2-2: Foul Ball, location: 2F 2-2: Ball 3-2: Base on Balls Ryan Langlois to third Randy Shrewsbury to second
|
|
Batting: LHB Bob Branham
|
0-0: Swinging Strike 0-1: Ball 1-1: DOUBLE (Flyball, 8RXD, EV 103.1 MPH) Ryan Langlois scores Randy Shrewsbury scores R.J. O'Brien to third
|
|
Batting: RHB Muneo Kawachi
|
0-0: Ball 1-0: Ball 2-0: Ball 3-0: Called Strike 3-1: Foul Ball, location: 2F 3-2: Ground out 4-3 (Groundball, 4, EV 100.0 MPH) R.J. O'Brien scores Bob Branham to third
|
|
Batting: RHB Jorge Severiano
|
0-0: Called Strike 0-1: Ball 1-1: Ground out 6-3 (Groundball, 6, EV 105.6 MPH) Bob Branham scores
|
|
Batting: LHB Tom Butterbaugh
|
0-0: DOUBLE (Line Drive, 7LM, EV 106.9 MPH)
|
|
Pitching: LHP Tim Franco
|
|
|
Pinch Hitting: RHB Jason May
|
0-0: Called Strike 0-1: Ball 1-1: Ball 2-1: Ball 3-1: Base on Balls
|
|
Batting: RHB Robby Juarez
|
0-0: Ball 1-0: SINGLE (Line Drive, 7S, EV 101.9 MPH) Tom Butterbaugh to third Jason May to second Runner from 3rd tries for Home, SAFE, throw by LF to home Jason May to third Robby Juarez to second
|
|
Batting: SHB Ryan Langlois
|
0-0: Called Strike 0-1: Foul Ball, location: 2F 0-2: Ball 1-2: Foul Ball, location: 2F 1-2: Strikes out swinging
|
| Top of the 8th over - 5 runs, 4 hits, 0 errors, 2 left on base; Oakland 5 - Toronto 6 |
| BOTTOM OF THE 8TH |
|
Toronto Blue Jays batting - Pitching for Oakland Athletics : RHP Mike Pedigo
|
|
Now in RF: Nick Gentzel
|
|
|
Batting: SHB Dominik Hasek II
|
0-0: Called Strike 0-1: Ground out 1-3 (Groundball, 13S, EV 74.4 MPH)
|
|
Batting: RHB Butch Kaiser
|
0-0: Ground out 2-3 (Groundball, 15S, EV 68.8 MPH)
|
|
Batting: LHB Nate Dean
|
0-0: Ball 1-0: Called Strike 1-1: Ball 2-1: Ball 3-1: Base on Balls
|
|
Batting: RHB Steve Jordan
|
0-0: Ball 1-0: DOUBLE (Line Drive, 7LD, EV 98.8 MPH) Nate Dean to third Runner from 3rd tries for Home, SAFE, no throw by LF
|
|
Batting: RHB Bill Murray
|
0-0: Foul Ball, location: 2F 0-1: Fly out, F8 (Flyball, 8RD, EV 86.9 MPH)
|
| Bottom of the 8th over - 1 run, 1 hit, 0 errors, 1 left on base; Oakland 5 - Toronto 7 |
| TOP OF THE 9TH |
|
Oakland Athletics batting - Pitching for Toronto Blue Jays : LHP Tim Franco
|
|
Pitching: RHP Edward Saunders
|
|
|
Batting: RHB Randy Shrewsbury
|
0-0: Fly out, F7 (Flyball, 7D, EV 100.0 MPH)
|
|
Batting: LHB R.J. O'Brien
|
0-0: Called Strike 0-1: Foul Ball, location: 2F 0-2: Ball 1-2: Strikes out looking
|
|
Batting: LHB Bob Branham
|
0-0: Ball 1-0: Foul Ball, location: 2F 1-1: Ball 2-1: Called Strike 2-2: Ball 3-2: Foul Ball, location: 2F 3-2: Foul Ball, location: 2F 3-2: Base on Balls
|
|
Batting: RHB Muneo Kawachi
|
0-0: Called Strike 0-1: Called Strike 0-2: Ball 1-2: Ball 2-2: Ball 3-2: Base on Balls Bob Branham to second
|
|
Batting: RHB Jorge Severiano
|
0-0: Called Strike 0-1: Ball 1-1: Ball 2-1: Ball 3-1: Base on Balls Bob Branham to third Muneo Kawachi to second
|
|
Batting: LHB Tom Butterbaugh
|
0-0: Ball 1-0: Ball 2-0: Called Strike 2-1: Ground out 1-3 (Groundball, P, EV 62.5 MPH)
|
| Top of the 9th over - 0 runs, 0 hits, 0 errors, 3 left on base; Oakland 5 - Toronto 7 |
|